 Dungeon Crawl Stone Soup version 0.28-a0-514-g0d7ab7f379 (webtiles) character file.

Game seed: 7301153882233560696

193877 heikuro the Impregnable (level 17, 0/162 HPs)
             Began as a Minotaur Fighter on Sept 23, 2021.
             Was the Champion of Okawaru.
             Slain by a spriggan berserker (24 damage)
             ... on level 2 of the Swamp.
             The game lasted 01:20:12 (39594 turns).

heikuro the Impregnable (Minotaur Fighter)         Turns: 39594, Time: 01:20:13

Health: 0/162      AC: 45    Str: 32    XL:     17   Next: 65%
Magic:  13/28      EV: 11    Int:  5    God:    Okawaru [******]
Gold:   3036       SH: 25    Dex: 23    Spells: 16/16 levels left

rFire   + + .      SeeInvis .   a - +6 broad axe "Gatwuib" {freeze, rC+}
rCold   + + .      Faith    .   Y - +1 tower shield {rPois}
rNeg    . . .      Spirit   .   e - +4 crystal plate armour
rPois   +          Reflect  .   (helmet restricted)
rElec   .          Harm     .   x - scarf {rC+ rF+}
rCorr   +          Rampage  .   f - +2 pair of gloves "Dazev" {Str+3}
Will    ++...                   c - +0 pair of boots "Nacraked" {rF+ rCorr Dex+4}
Stlth   ..........              b - amulet of Joytin {Regen+ Str+3 Dex+4}
HPRegen 1.37/turn               X - ring "Osanuam" {Will+ Dex+3}
MPRegen 0.21/turn               W - +4 ring of protection

@: heroic, studying Long Blades
A: horns 2, retaliatory headbutt
}: 1/15 runes: gossamer
a: Renounce Religion, Heroism, Finesse, Duel


You were on level 2 of the Swamp.
You worshipped Okawaru.
Okawaru was exalted by your worship.
You visited 6 branches of the dungeon, and saw 31 of its levels.
You also visited: Ossuary and Gauntlet.

You collected 3583 gold pieces.
You spent 547 gold pieces at shops.

Inventory:

Hand Weapons
 a - the +6 broad axe "Gatwuib" (weapon) {freeze, rC+}
   (Okawaru gifted it to you on level 14 of the Dungeon)

   It freezes those it strikes, dealing additional cold damage.
   It can also slow down cold-blooded creatures.
   rC:        It protects you from cold.
 z - a +3 scimitar of flaming
 A - the +7 hand axe "Liate" {vorpal, rElec}
   (You found it on level 6 of the Dungeon)

   It inflicts extra damage upon your enemies.
   rElec:     It insulates you from electricity.
Missiles
 H - a throwing net (quivered)
 N - 4 curare-tipped darts
Armour
 c - the +0 pair of boots "Nacraked" (worn) {rF+ rCorr Dex+4}
   (Okawaru gifted it to you on level 3 of the Spider Nest)

   Dex:       It affects your dexterity (+4).
   rF:        It protects you from fire.
   rCorr:     It protects you from acid and corrosion.
 e - a +4 crystal plate armour (worn)
 f - the +2 pair of gloves "Dazev" (worn) {Str+3}
   (Okawaru gifted it to you on level 1 of the Swamp)

   Str:       It affects your strength (+3).
 x - a scarf of resistance (worn)
 V - a +2 pair of gloves of stealth
 Y - a +1 tower shield of poison resistance (worn)
Jewellery
 b - the amulet of Joytin (around neck) {Regen+ Str+3 Dex+4}
   (You acquired it on level 6 of the Lair of Beasts)

   [amulet of regeneration]

   Str:       It affects your strength (+3).
   Dex:       It affects your dexterity (+4).
   Regen:     It increases your rate of health regeneration.
 l - an amulet of reflection
 s - a ring of poison resistance
 t - a +6 ring of strength
 K - a ring of flight
 L - a ring of positive energy
 M - a ring of protection from cold
 P - a ring of resist corrosion
 U - a ring of willpower
 W - a +4 ring of protection (right hand)
 X - the ring "Osanuam" (left hand) {Will+ Dex+3}
   (You found it in a Gauntlet)

   [ring of willpower]

   Dex:       It affects your dexterity (+3).
   Will:      It increases your willpower.
 Z - a ring of protection from fire
Wands
 h - a wand of paralysis (7)
 j - a wand of iceblast (39)
 k - a wand of mindburst (12)
 q - a wand of digging (15)
 w - a wand of flame (67)
 B - a wand of acid (31)
Scrolls
 g - 20 scrolls of teleportation
 y - 2 scrolls of blinking
 C - 3 scrolls of fog
 E - 5 scrolls of magic mapping
 G - 6 scrolls of holy word
 I - 6 scrolls of enchant armour
 J - 2 scrolls of fear
 O - 4 scrolls of identify
 Q - 4 scrolls of enchant weapon
 R - a scroll of brand weapon
 S - 2 scrolls of immolation
Potions
 d - 4 potions of might
 i - 2 potions of resistance
 m - 16 potions of curing
 n - 2 potions of cancellation
 o - 4 potions of haste
 p - 3 potions of berserk rage
 r - 11 potions of lignification
 u - 8 potions of flight
 v - 4 potions of ambrosia
 F - 7 potions of heal wounds
 T - 3 potions of invisibility
Miscellaneous
 D - a lightning rod (4/4)


   Skills:
 + Level 17.6(22.6) Fighting
 + Level 5.0(10.0) Long Blades
 - Level 18.0(23.0) Axes
 + Level 22.3(27) Armour
 + Level 16.2(21.2) Shields
 + Level 17.1 Invocations


You had 16 spell levels left.
You didn't know any spells.
Your spell library contained the following spells:

 Spells                   Type           Power      Damage    Failure   Level
 Apportation              Tloc           0%         N/A       99%         1
 Freeze                   Ice            0%         1d3       99%         1
 Shock                    Conj/Air       0%         1d3       99%         1
 Sting                    Tmut/Pois      0%         1d3       99%         1
 Corpse Rot               Necr/Air       N/A        N/A       99%         2
 Poisonous Vapours        Pois/Air       0%         N/A       99%         2
 Scorch                   Fire           0%         2d5       99%         2
 Slow                     Hex            0%         N/A       99%         2
 Confusing Touch          Hex            0%         N/A       100%        3
 Frozen Ramparts          Ice            0%         1d2       100%        3
 Inner Flame              Hex/Fire       0%         N/A       100%        3
 Portal Projectile        Hex/Tloc       0%         N/A       100%        3
 Spider Form              Tmut/Pois      0%         N/A       100%        3
 Stone Arrow              Conj/Erth      0%         3d7       100%        3
 Swiftness                Air            0%         N/A       100%        3
 Airstrike                Air            0%         N/A       100%        4
 Cause Fear               Hex            0%         N/A       100%        4
 Dispel Undead            Necr           0%         3d6       100%        4
 Flame Wave               Conj/Fire      0%         3d3       100%        4
 Fulminant Prism          Conj/Hex       0%         3d6       100%        4
 Hailstorm                Conj/Ice       0%         3d3       100%        4
 Iskenderun's Mystic Bla  Conj/Tloc      0%         2d3       100%        4
 Leda's Liquefaction      Hex/Erth       0%         N/A       100%        4
 Olgreb's Toxic Radiance  Pois           0%         N/A       100%        4
 Passage of Golubria      Tloc           N/A        N/A       100%        4
 Lee's Rapid Deconstruct  Erth           0%         3d5*      100%        5
 Yara's Violent Unravell  Hex/Tmut       0%         3d3       100%        5
 Eringya's Noxious Bog    Tmut/Pois      0%         N/A       100%        6
 Discord                  Hex            0%         N/A       100%        8
 Lehudib's Crystal Spear  Conj/Erth      0%         10d2      100%        8
 Animate Skeleton         Necr           Unusable   N/A       N/A         1
 Summon Small Mammal      Summ           Unusable   N/A       N/A         1
 Call Canine Familiar     Summ           Unusable   N/A       N/A         3
 Tukima's Dance           Hex            Unusable   N/A       N/A         3
 Animate Armour           Summ/Erth      Unusable   N/A       N/A         4
 Death Channel            Necr           Unusable   N/A       N/A         6
 Summon Cactus Giant      Summ           Unusable   N/A       N/A         6

Dungeon Overview and Level Annotations

Branches:
Dungeon (15/15)            Temple (1/1) D:4            Lair (6/6) D:11
  Swamp (3/4) Lair:3       Spider (4/4) Lair:4        Slime (0/5) Lair:6
    Orc (2/2) D:11            Elf (0/3) Orc:2        Vaults (0/5) D:14
 Depths (0/4) D:15        Ossuary (visited)         Gauntlet (visited)

Altars:
Ashenzari
Cheibriados
Dithmenos
Elyvilon
Fedhas
Gozag
Hepliaklqana
Kikubaaqudgha
Makhleb
Nemelex Xobeh
Okawaru
Qazlal
Ru
Sif Muna
Trog
Uskayaw
Vehumet
Wu Jian
Xom
Yredelemnul
Zin
The Shining One
Lugonu

Shops:
D:1 [   D:4 *   Orc:2 ??[(

Portals:
Abyss: Lair:6
Trove: D:12 (give +4 ice dragon scales)


Innate Abilities, Weirdness & Mutations

You have a pair of horns on your head.
You reflexively headbutt those who attack you in melee.


Message History

Your headbutt misses the spriggan air mage.
You hit the spriggan berserker. You freeze the spriggan berserker.
You slash the death yak! You freeze the death yak.
You block the death yak's attack. You block the spriggan rider's attack.
The spriggan air mage gestures at you while chanting.
The bolt of lightning misses you.
The mangrove smoulders and burns.
You block the spriggan berserker's attack.
You slice the spriggan air mage!! You freeze the spriggan air mage!
The spriggan air mage is severely wounded.
You completely miss the death yak. You slice the spriggan berserker!!
You freeze the spriggan berserker. The death yak gores you!!
* * * LOW HITPOINT WARNING * * *
You block the spriggan berserker's attack.
The spriggan rider hits you from afar with a +0 spear!
* * * LOW HITPOINT WARNING * * *
You block the spriggan air mage's attack.
Unknown command.
You closely miss the spriggan air mage.
Your headbutt misses the spriggan air mage.
The spriggan air mage is severely wounded.
You slice the death yak!! You freeze the death yak.
You closely miss the spriggan berserker.
You block the death yak's attack.
The spriggan berserker splashes around in the water.
You block the spriggan rider's attack. You block the death yak's attack.
Unknown command.
You slash the spriggan air mage! You freeze the spriggan air mage.
You kill the spriggan air mage!
Okawaru accepts your kill.
You slice the death yak!! You freeze the death yak.
You kill the death yak!
The death yak's corpse disappears in a puff of smoke!
You hit the spriggan berserker but do no damage.
The spriggan berserker splashes around in the water.
Your base Long Blades skill increases to level 5!
Unknown command.
You miss the spriggan berserker. You headbutt the spriggan berserker.
The spriggan berserker is almost dead.
The spriggan berserker hits you with a +2 antimagic broad axe!!
You die...

♣####
##.♣#♣♣..≈.≈..
♣♣♣#♣.♣
$...$#♣♣..♣♣...♣≈♣.
♣.≈...♣ ...
#[≈♣#♣♣..≈≈≈≈♣
♣..≈))♣ ..≈ #≈..#
♣♣♣≈≈≈≈≈ ♣).#).##
... ##)## #≈≈≈≈≈≈
♣))♣#.)###.###..#
#≈≈≈≈≈≈
♣≈..#.>≈#..i#.>.#♣
##≈≈≈≈≈
♣≈..##.≈#[)i#.≈#.♣
#♣♣≈♣#
♣♣..♣####≈@§##...♣
♣♣♣
♣..≈≈..#..§#♣♣≈♣♣
♣♣♣..)..≈.♣§♣♣♣♣
♣♣♣♣♣♣♣♣♣♣♣


You could see a spriggan rider and a spriggan berserker (berserk, regenerating,
strong-willed).

Vanquished Creatures
  Jorgrun (D:15)
  4 ghost moths
  4 emperor scorpions (Spider:4)
  A dire elephant (Lair:6)
  3 spark wasps
  A minotaur (Gauntlet)
  4 bunyips
  3 entropy weavers
  3 eleionomae (Swamp:3)
  Josephine (D:15)
  A shambling mangrove (Swamp:1)
  8 vault guards
  Fannar (D:10)
  5 boulder beetles
  A rakshasa (D:14)
  12 hydras
  A spriggan air mage (Swamp:2)
  4 two-headed ogres
  4 alligators
  An ogre mage (D:15)
  2 centaur warriors
  A catoblepas (D:15)
  A death yak (D:11)
  4 orc high priests (Orc:2)
  A spriggan berserker (Swamp:2)
  3 thrashing horrors (Lair:6)
  Nergalle (Orc:1)
  3 skeletal warriors (D:15)
  2 spriggan druids (Swamp:2)
  6 goliath frogs
  4 swamp dragons
  A lindwurm (Lair:4)
  A bog body (Swamp:2)
  A necromancer (D:15)
  5 orc knights
  A wizard (D:15)
  35 wolf spiders
  7 ugly things
  11 orc sorcerers
  A wolf spider (shapeshifter) (Gauntlet)
  4 manticores
  21 orb spiders
  6 will-o-the-wisps
  6 cyclopes
  A moth of wrath (Spider:4)
  6 black mambas
  An elephant (D:11)
  2 smoke demons
  5 torpor snails
  11 cane toads
  5 gargoyles
  A centaur skeleton (D:15)
  An unseen horror (D:13)
  4 kobold demonologists
  18 demonic crawlers
  6 komodo dragons
  An ice devil (Gauntlet)
  An ancient zyme (Lair:6)
  4 rime drakes
  A red devil (Gauntlet)
  8 trolls
  46 jumping spiders
  A polar bear (Lair:1)
  10 hornets
  4 slime creatures (D:14)
  10 tyrant leeches
  26 blink frogs
  23 dream sheep
  2 blink frogs (shapeshifter)
  A centaur simulacrum (D:15)
  Sigmund (D:4)
  65 redbacks
  13 spriggans
  6 wraiths
  A shadow (D:12)
  3 ynoxinuls (Lair:6)
  A vampire (D:12)
  41 yaks
  A fire bat (shapeshifter) (D:13)
  39 tarantellas
  Grum (D:8)
  Eustachio (D:4)
  5 basilisks
  6 wyverns
  A steam dragon (D:9)
  A hog (shapeshifter) (Gauntlet)
  2 chaos spawn (Lair:6)
  7 vampire mosquitoes
  16 swamp worms
  2 acid dragons
  2 wargs
  2 large abominations (Lair:6)
  17 water moccasins
  23 orc warriors
  A swamp drake (Swamp:2)
  2 sky beasts (D:6)
  A necrophage (D:6)
  3 black bears
  An ice beast (D:3)
  19 wolves
  5 ogres
  8 centaurs
  A phantom (D:5)
  An elf zombie (Ossuary)
  4 kobold brigands
  18 bullfrogs
  A gnoll sergeant (D:13)
  2 scorpions
  11 small abominations (Lair:6)
  An elf skeleton (D:7)
  2 water moccasin skeletons (D:4)
  5 killer bees
  8 wights
  4 electric eels
  A howler monkey (D:12)
  4 crimson imps (Gauntlet)
  5 centaur zombies
  3 human zombies (Ossuary)
  A jelly (D:5)
  3 hounds
  15 orc priests
  A bullfrog skeleton (D:5)
  15 orc wizards
  Ijyb (D:3)
  Natasha (thrice) (D:4)
  4 iguanas
  A killer bee zombie (D:6)
  2 mummies (Ossuary)
  2 hound skeletons
  Robin (D:4)
  7 gnolls
  10 adders
  4 white imps
  An adder zombie (Ossuary)
  A worm (D:3)
  A worm (shapeshifter) (Gauntlet)
  2 dart slugs
  55 orcs
  5 ball pythons
  5 endoplasms
  A giant cockroach (D:4)
  17 goblins
  10 hobgoblins
  5 jackals
  16 kobolds
  7 quokkas
  2 bats
  2 frilled lizards
  A goblin zombie (Ossuary)
  11 hobgoblin zombies (Ossuary)
  11 kobold zombies (Ossuary)
  5 orc skeletons (D:7)
  5 orc zombies (Ossuary)
  7 rats
  A rat zombie (Ossuary)
999 creatures vanquished.

Vanquished Creatures (others)
  A goliath frog (Swamp:3)
  2 demonic plants (Gauntlet)
  38 foxfires
  34 fungi
  42 plants
117 creatures vanquished.

Grand Total: 1116 creatures vanquished

Notes
Turn   | Place    | Note
-------+----------+-------------------------------------------
     0 | D:1      | heikuro the Minotaur Fighter began the quest for the Orb.
     0 | D:1      | Reached XP level 1. HP: 19/19 MP: 0/0
   269 | D:1      | Reached XP level 2. HP: 27/27 MP: 1/1
   894 | D:1      | Found Savotup's Antique Armour Emporium.
  1076 | D:2      | Reached skill level 4 in Armour
  1130 | D:2      | Reached XP level 3. HP: 33/33 MP: 2/2
  1430 | D:2      | Found a faded altar of an unknown god.
  1731 | D:2      | Reached XP level 4. HP: 40/40 MP: 3/3
  2262 | D:3      | Reached XP level 5. HP: 47/47 MP: 4/4
  2570 | D:3      | Noticed an ice beast
  2578 | D:3      | Killed an ice beast
  2579 | D:3      | Reached skill level 5 in Axes
  2641 | D:3      | Noticed Ijyb
  2657 | D:3      | Killed Ijyb
  2658 | D:3      | Reached skill level 5 in Fighting
  2658 | D:3      | Reached skill level 5 in Armour
  2658 | D:3      | Reached XP level 6. HP: 46/56 MP: 5/5
  3365 | D:4      | Noticed Natasha
  3372 | D:4      | Killed Natasha
  3444 | D:4      | Noticed Robin
  3632 | D:4      | Killed Robin
  3867 | D:4      | Noticed Eustachio
  3884 | D:4      | Killed Eustachio
  3885 | D:4      | Reached XP level 7. HP: 15/62 MP: 6/6
  4225 | D:4      | Noticed Sigmund
  4247 | D:4      | Killed Sigmund
  4248 | D:4      | Reached skill level 6 in Armour
  4328 | D:4      | Noticed Natasha
  4339 | D:4      | Found Ralih's Assorted Antiques.
  4697 | D:4      | Killed Natasha
  4797 | D:4      | Found a staircase to the Ecumenical Temple.
  4818 | Temple   | Entered the Ecumenical Temple
  5187 | Temple   | Became a worshipper of Warmaster Okawaru
  5216 | D:4      | Noticed Natasha
  5219 | D:4      | Killed Natasha
  5281 | D:5      | Entered Level 5 of the Dungeon
  5363 | D:5      | Reached XP level 8. HP: 70/71 MP: 7/7
  5390 | D:5      | Reached skill level 1 in Invocations
  6702 | D:6      | Reached skill level 7 in Armour
  6755 | D:6      | Reached * piety under Okawaru
  7376 | D:6      | Reached XP level 9. HP: 79/79 MP: 10/10
  7534 | D:6      | Identified the +7 hand axe "Liate" {vorpal, rElec}
  7562 | D:6      | Reached ** piety under Okawaru
  7563 | D:6      | Reached skill level 10 in Axes
  7817 | D:7      | Reached skill level 8 in Armour
  8028 | D:7      | Found a sand-covered staircase.
  8033 | Ossuary  | Entered an ossuary
  8905 | D:8      | Reached *** piety under Okawaru
  9242 | D:8      | Found a sacrificial altar of Ru.
  9693 | D:8      | Reached XP level 10. HP: 84/90 MP: 12/12
  9814 | D:8      | Noticed Grum
  9824 | D:8      | Reached skill level 9 in Armour
  9832 | D:8      | Reached skill level 5 in Invocations
  9837 | D:8      | Killed Grum
 10898 | D:9      | Reached **** piety under Okawaru
 11134 | D:10     | Entered Level 10 of the Dungeon
 11211 | D:10     | Noticed Fannar
 11221 | D:10     | Killed Fannar
 11359 | D:10     | Received a gift from Okawaru
 11915 | D:11     | Noticed a cyclops
 11918 | D:11     | Reached skill level 10 in Armour
 12203 | D:10     | Killed a cyclops
 12203 | D:10     | Reached ***** piety under Okawaru
 12204 | D:10     | Reached skill level 10 in Fighting
 12453 | D:11     | Found a staircase to the Lair.
 12454 | D:11     | Noticed a death yak
 12464 | D:11     | Reached XP level 11. HP: 83/99 MP: 14/14
 12468 | D:11     | Killed a death yak
 12468 | D:11     | Received a gift from Okawaru
 12574 | D:11     | Found a staircase to the Orcish Mines.
 12661 | D:11     | Noticed a brown ugly thing
 12673 | D:11     | Killed a brown ugly thing
 13417 | D:12     | Found a portal to a secret trove of treasure.
 13974 | D:12     | Noticed a green ugly thing
 13984 | D:12     | Killed a green ugly thing
 14167 | D:12     | Noticed a boulder beetle
 14169 | D:12     | Noticed a purple ugly thing
 14184 | D:12     | Killed a purple ugly thing
 14184 | D:12     | Killed a boulder beetle
 14185 | D:12     | Reached skill level 11 in Armour
 14792 | D:13     | Identified 3 scrolls of acquirement
 14792 | D:13     | Acquired a manual of Invocations
 14872 | D:13     | Found a gate leading to a gauntlet.
 14881 | Gauntlet | Entered a Gauntlet
 14881 | Gauntlet | Found a transporter.
 14881 | Gauntlet | Found a transporter.
 14884 | Gauntlet | Found a transporter.
 14904 | Gauntlet | Found a transporter.
 14915 | Gauntlet | Found a transporter.
 14917 | Gauntlet | Found a transporter.
 14920 | Gauntlet | Noticed a boulder beetle
 14923 | Gauntlet | a boulder beetle changed into something unseen
 14928 | Gauntlet | Noticed a quicksilver ooze
 14931 | Gauntlet | Found a transporter.
 14934 | Gauntlet | Noticed a boulder beetle
 14934 | Gauntlet | a quicksilver ooze changed into a boulder beetle
 14941 | Gauntlet | Noticed a reaper
 14942 | Gauntlet | Found a runed translucent door.
 14944 | Gauntlet | Found a transporter.
 14947 | Gauntlet | Noticed a bunyip
 14947 | Gauntlet | a boulder beetle changed into a bunyip
 14948 | Gauntlet | Found a transporter.
 14951 | Gauntlet | Found a transporter.
 14951 | Gauntlet | Noticed a wizard
 14951 | Gauntlet | Noticed a fire dragon
 14951 | Gauntlet | a bunyip changed into a fire dragon
 14952 | Gauntlet | Noticed an ettin
 14952 | Gauntlet | a fire dragon changed into an ettin
 14956 | Gauntlet | an ettin changed into a slime creature
 14959 | Gauntlet | Found a transporter.
 14962 | Gauntlet | Found a transporter.
 15004 | Gauntlet | Found a runed translucent door.
 15027 | Gauntlet | Noticed a swamp dragon
 15027 | Gauntlet | a tarantella changed into a swamp dragon
 15035 | Gauntlet | a swamp dragon changed into a jumping spider
 15230 | Gauntlet | Reached skill level 15 in Axes
 15256 | Gauntlet | Noticed a two-headed ogre
 15263 | Gauntlet | Noticed an anaconda
 15263 | Gauntlet | a slime creature changed into an anaconda
 15266 | Gauntlet | an anaconda changed into a water nymph
 15284 | Gauntlet | Noticed a wolf spider
 15284 | Gauntlet | a two-headed ogre changed into a wolf spider
 15293 | Gauntlet | Killed a wolf spider
 15293 | Gauntlet | Received a gift from Okawaru
 15294 | Gauntlet | Reached XP level 12. HP: 82/110 MP: 15/17
 15305 | Gauntlet | Identified the ring "Osanuam" {Will+ Dex+3}
 15412 | Gauntlet | Noticed a minotaur
 15444 | Gauntlet | Killed a minotaur
 15461 | Gauntlet | Identified the +3 kite shield of the Zebra {rF- Will++
                  | rCorr Str+4}
 15479 | Gauntlet | Identified the +0 leather armour of a Million Yaks {Will+
                  | rCorr}
 15480 | Gauntlet | Got the Papyrus of Poison
 16350 | D:13     | HP: 2/110 [boulder beetle (14)]
 16529 | D:13     | Noticed a seven-headed hydra
 16605 | D:13     | Killed a seven-headed hydra
 17109 | D:14     | Reached skill level 5 in Shields
 17123 | D:14     | Noticed a rakshasa
 17242 | D:14     | Reached ****** piety under Okawaru
 17242 | D:14     | Identified the +6 broad axe "Gatwuib" {freeze, rC+}
                  | (Okawaru gifted it to you on level 14 of the Dungeon)
 17242 | D:14     | Received a gift from Okawaru
 17253 | D:14     | Reached skill level 12 in Armour
 18406 | D:14     | Killed a rakshasa
 18629 | D:14     | Acquired a +0 crystal plate armour
 18656 | D:14     | Found a gate to the Vaults.
 18656 | D:14     | Noticed a vault guard
 18656 | D:14     | Noticed a vault guard
 18656 | D:14     | Noticed a vault guard
 18656 | D:14     | Noticed a vault guard
 18656 | D:14     | Noticed a vault guard
 18656 | D:14     | Noticed a vault guard
 18720 | D:13     | Killed a vault guard
 18721 | D:13     | Reached skill level 10 in Invocations
 18874 | D:13     | Killed a vault guard
 18953 | D:14     | Killed a vault guard
 19023 | D:14     | Noticed a vault guard
 19026 | D:14     | Noticed a vault guard
 19063 | D:13     | Killed a vault guard
 19108 | D:13     | Killed a vault guard
 19111 | D:13     | Killed a vault guard
 19140 | D:14     | Killed a vault guard
 19140 | D:14     | Received a gift from Okawaru
 19141 | D:14     | Reached XP level 13. HP: 95/119 MP: 18/20
 20021 | D:15     | Entered Level 15 of the Dungeon
 20861 | D:14     | Reached skill level 13 in Armour
 21105 | D:15     | Acquired a manual of Armour
 21179 | D:15     | Noticed Josephine
 21199 | D:15     | Killed Josephine
 21199 | D:15     | Identified the +7 quarterstaff of Foick {vamp, Str+4}
                  | (Okawaru gifted it to you on level 15 of the Dungeon)
 21199 | D:15     | Received a gift from Okawaru
 21779 | D:15     | Noticed Jorgrun
 21794 | D:15     | Killed Jorgrun
 22088 | D:15     | Reached skill level 14 in Armour
 22270 | D:15     | Found a stormy altar of Qazlal.
 22417 | D:15     | Paralysed by an orc sorcerer for 5 turns
 22490 | D:15     | Found a staircase to the Depths.
 22770 | Lair:1   | Entered Level 1 of the Lair of Beasts
 22797 | Lair:1   | Acquired 462 gold pieces
 23384 | Lair:1   | Reached skill level 15 in Armour
 23426 | Lair:1   | Received a gift from Okawaru
 23628 | Lair:1   | Reached XP level 14. HP: 122/129 MP: 22/22
 25248 | Lair:2   | Received a gift from Okawaru
 25789 | Lair:3   | Reached skill level 16 in Armour
 26337 | Lair:3   | Reached skill level 10 in Shields
 26627 | Lair:3   | Found a staircase to the Swamp.
 27772 | Lair:4   | Found a hole to the Spider Nest.
 27858 | Lair:4   | Identified the +2 scale mail "Fyfit" {Contam Harm rN+
                  | Will+}
 28306 | Lair:5   | Identified the +1 scale mail of Music {Slay+6} (Okawaru
                  | gifted it to you on level 5 of the Lair of Beasts)
 28306 | Lair:5   | Received a gift from Okawaru
 28649 | Lair:6   | Entered Level 6 of the Lair of Beasts
 28849 | Lair:6   | Reached skill level 17 in Armour
 28951 | Lair:6   | Reached XP level 15. HP: 23/139 MP: 17/24
 29809 | Lair:6   | Found a staircase to the Slime Pits.
 30439 | Lair:6   | Reached skill level 15 in Fighting
 30510 | Lair:6   | Found a corrupted altar of Lugonu.
 30510 | Lair:6   | Found a one-way gate to the infinite horrors of the Abyss.
 30712 | Lair:6   | Acquired the amulet of Joytin {Regen+ Str+3 Dex+4}
 30877 | Orc:1    | Entered Level 1 of the Orcish Mines
 30996 | Orc:2    | Entered Level 2 of the Orcish Mines
 30996 | Orc:2    | Found a staircase to the Elven Halls.
 31112 | Orc:2    | Paralysed by an orc sorcerer for 5 turns
 31143 | Orc:2    | Received a gift from Okawaru
 31279 | Orc:1    | Paralysed by an orc sorcerer for 3 turns
 31337 | Orc:1    | Noticed Nergalle
 31350 | Orc:1    | Killed Nergalle
 31351 | Orc:1    | Reached skill level 18 in Armour
 31649 | Orc:2    | Found Gonyimp's Antique Weapon Shoppe.
 31701 | Orc:2    | Found Nonipi's Magic Scroll Shop.
 31711 | Orc:2    | Reached skill level 15 in Invocations
 31715 | Orc:2    | Found Wilud's Magic Scroll Shoppe.
 31716 | Orc:2    | Found Tysuenk's Antique Armour Shop.
 31771 | Orc:2    | Bought a scroll of enchant armour for 90 gold pieces
 31773 | Orc:2    | Bought a scroll of enchant armour for 105 gold pieces
 31773 | Orc:2    | Bought a scroll of enchant armour for 105 gold pieces
 31781 | Orc:2    | Bought a pair of embroidered gloves for 247 gold pieces
 32177 | Spider:1 | Entered Level 1 of the Spider Nest
 32547 | Spider:1 | Identified the +5 chain mail of the Monk {*Slow rElec rF+++
                  | Str-3} (Okawaru gifted it to you on level 1 of the Spider
                  | Nest)
 32547 | Spider:1 | Received a gift from Okawaru
 32572 | Spider:1 | Identified the +6 spear "Virphys" {freeze, *Rage rElec
                  | Str+7 Dex-4}
 32829 | Spider:1 | Reached skill level 19 in Armour
 33173 | Spider:1 | Reached XP level 16. HP: 151/151 MP: 26/26
 34032 | Spider:2 | Reached skill level 20 in Armour
 34522 | Spider:2 | Received a gift from Okawaru
 35564 | Spider:3 | Reached skill level 15 in Shields
 35817 | Spider:4 | Entered Level 4 of the Spider Nest
 35834 | Spider:3 | Identified the +0 pair of boots "Nacraked" {rF+ rCorr
                  | Dex+4} (Okawaru gifted it to you on level 3 of the Spider
                  | Nest)
 35834 | Spider:3 | Received a gift from Okawaru
 36176 | Spider:4 | Reached skill level 21 in Armour
 37400 | Spider:4 | Identified the +0 chain mail of Ignis's Envy {Rampage}
 37414 | Spider:4 | Reached XP level 17. HP: 156/160 MP: 0/28
 37678 | Spider:4 | Got a gossamer rune of Zot
 37889 | Swamp:1  | Entered Level 1 of the Swamp
 37903 | Swamp:1  | Identified the +2 pair of gloves "Dazev" {Str+3} (Okawaru
                  | gifted it to you on level 1 of the Swamp)
 37903 | Swamp:1  | Received a gift from Okawaru
 38199 | Swamp:1  | You fall into a shaft and drop 1 floor!
 38373 | Swamp:1  | Reached skill level 22 in Armour
 38441 | Swamp:1  | Acquired a manual of Long Blades
 38545 | Swamp:2  | Reached skill level 1 in Long Blades
 39064 | Swamp:2  | You fall into a shaft and drop 1 floor!
 39566 | Swamp:2  | Received a gift from Okawaru
 39594 | Swamp:2  | Reached skill level 5 in Long Blades
 39594 | Swamp:2  | Slain by a spriggan berserker

Illustrated notes

Levels and vault maps discovered:
D:1:      sevenhm_arrival_forest_fort_large_2, layout_basic, serial_shops,
          nicolae_shop_behind_doors
D:2:      layout_loops_ring, basic_ecumenical_altar
D:3:      kennysheep_goblin_castle, layout_loops_ring, serial_bayou_pond_e
D:4:      layout_basic, minmay_temple_entry_statues_fountains, serial_shops,
          shop, uniq_eustachio, uniq_robin, uniq_natasha, uniq_sigmund
D:5:      layout_basic, glass_columns_a, chequers_serial_rivers_small_3
D:6:      layout_gridville
D:7:      layout_loops_ring, nicolae_ossuary_entry_catacombs
D:8:      layout_gridville, mainiacjoe_overflow_surrounded_room, uniq_grum
D:9:      layout_cross, bh_walls_and_bars
D:10:     layout_rooms, uniq_fannar
D:11:     layout_rooms, david_lair_generic, orc_0_dummy
D:12:     layout_stronghold, enter_trove_1
D:13:     layout_cave_pods, serial_rivers, chequers_serial_rivers_small_a,
          chequers_serial_rivers_large_a, chequers_serial_rivers_micro_b,
          chequers_serial_rivers_marsh, chequers_serial_rivers_small_a,
          chequers_serial_rivers_room_b, gauntlet_entry_generic
D:14:     layout_cave_pools, erik_vaults_2, infiniplex_staircase_spiral_double
D:15:     grunt_enter_depths_magical_seal, layout_basic,
          nicolae_qazlal_general_emergency, uniq_jorgrun, uniq_josephine
Temple:   compressed_dpeg_triangle_lava_temple
Lair:1:   minmay_lair_venomous_thicket, layout_regular_city
Lair:2:   layout_big_grid
Lair:3:   layout_hall_layers, palyth_hydra_swamp_entry, serial_bayou_shore_a
Lair:4:   layout_regular_city, nicolae_spider_entry_tight_spaces,
          serial_bayou_shore_b, serial_bayou_shore_b
Lair:5:   layout_loops_ring, grunt_megastairs_5, lemuel_fruit_tree
Lair:6:   hellmonk_lair_end_abyssal_woods, layout_regular_city,
          dpeg_slime_entry_corner, hangedman_lair_generics_rect
Swamp:1:  layout_basic_swamp, nicolae_swamp_ascending_descending
Swamp:2:  nicolae_swamp_secret_spriggan_hideout, layout_falls_marsh,
          nicolae_swamp_well_well_well, hangedman_swamp_blocks,
          nicolae_swamp_stair_fork, swamp_pool1
Swamp:3:  layout_basic_swamp, infiniplex_staircase_pool_2
Spider:1: nicolae_spider_hilbert_zone_4 [nicolae_spider_hilbert_4_sides_2_open,
          nicolae_spider_hilbert_4_sides_1_open,
          nicolae_spider_hilbert_4_sides_1_open,
          nicolae_spider_hilbert_4_sides_1_open,
          nicolae_spider_hilbert_4_sides_1_open,
          nicolae_spider_hilbert_2_sides_1_open,
          nicolae_spider_hilbert_2_sides_1_open,
          nicolae_spider_hilbert_2_sides_1_open,
          nicolae_spider_hilbert_2_sides_1_open,
          nicolae_spider_hilbert_6_sides_1_open,
          nicolae_spider_hilbert_6_sides_1_open,
          nicolae_spider_hilbert_3_sides_1_open,
          nicolae_spider_hilbert_3_sides_1_open], nicolae_spider_wall_of_niches
Spider:2: layout_spider_delve
Spider:3: layout_spider_delve
Spider:4: spider_rune_water
Orc:1:    layout_caves, uniq_nergalle
Orc:2:    st_orc_elflike, layout_caves

Skill      XL: |  1  2  3  4  5  6  7  8  9 10 11 12 13 14 15 16 17 |
---------------+----------------------------------------------------+-----
Axes           | 3 4 5 6 8 9 11 13 15 16 17 18 | 18.0
Armour         | 4 5 6 7 8 10 11 12 15 17 19 21 22 | 22.3
Fighting       | 4 5 6 7 8 10 11 12 13 14 15 16 17 | 17.6
Shields        | 4 6 8 11 14 15 16 | 16.2
Invocations    | 3 4 6 8 10 12 13 15 16 17 | 17.1
Long Blades    | 5 |  5.0

Action                   |  1- 3 |  4- 6 |  7- 9 | 10-12 | 13-15 | 16-18 || total
-------------------------+-------+-------+-------+-------+-------+-------++-------
Melee: War axe           |    73 |   120 |   170 |       |       |       ||   363
       Headbutt          |     9 |    13 |    53 |   151 |   288 |   225 ||   739
       Dagger            |       |     9 |     4 |     4 |       |       ||    17
       Hand axe          |       |       |   126 |   481 |   142 |    45 ||   794
       Broad axe         |       |       |       |    93 |   851 |   716 ||  1660
       Whip              |       |       |       |       |    27 |       ||    27
       Scimitar          |       |       |       |       |       |     1 ||     1
Throw: Dart              |       |       |       |     2 |       |       ||     2
Invok: Heroism           |       |       |     1 |     7 |     3 |     3 ||    14
       Finesse           |       |       |       |     2 |     3 |     1 ||     6
Evoke: Wand              |       |       |       |     6 |       |       ||     6
  Use: Scroll            |       |       |     7 |    11 |    20 |     1 ||    39
       Potion            |       |       |       |       |     1 |     1 ||     2
 Stab: Distracted        |       |       |       |       |     2 |       ||     2
Armor: Plate armour      |    35 |    84 |   113 |   221 |       |       ||   453
       Crystal plate arm |       |       |       |    17 |   741 |   729 ||  1487
Dodge: Dodged            |    20 |    25 |    52 |    97 |   134 |   148 ||   476
Block: Buckler           |    13 |    58 |   118 |   161 |       |       ||   350
       Reflection        |       |     3 |     5 |    34 |    10 |       ||    52
       Tower shield      |       |       |       |   176 |  1213 |  1013 ||  2402

Table legend: (Time is in decaauts)
 A = Elapsed time spent in this place.
 B = Non-inter-level travel time spent in this place.
 C = Inter-level travel time spent in this place.
 D = Time resting spent in this place.
 E = Time spent auto-exploring this place.
 F = Levels seen in this place.
 G = Mean time per level.
                   A        B        C        D        E       F      G
               +--------+--------+--------+--------+--------+-----+--------+
         Total |  39680 |  37278 |   2402 |  11257 |  16459 |  33 | 1202.4 |
       Dungeon |  21967 |  20657 |   1310 |   7729 |   8996 |  15 | 1464.5 |
        Temple |    379 |    370 |      9 |      0 |    329 |   1 |  379.0 |
          Lair |   7901 |   7345 |    556 |   1920 |   3776 |   6 | 1316.8 |
         Swamp |   1822 |   1766 |     56 |    116 |    930 |   3 |  607.3 |
   Spider Nest |   5576 |   5150 |    426 |   1180 |   1631 |   4 | 1394.0 |
  Orcish Mines |   1140 |   1096 |     44 |     54 |    599 |   2 |  570.0 |
       Ossuary |    313 |    313 |      0 |     89 |     79 |   1 |  313.0 |
      Gauntlet |    578 |    578 |      0 |    168 |    118 |   1 |  578.0 |
               +--------+--------+--------+--------+--------+-----+--------+

Top non-repeatable levels by time:
    D:13: 3228 daAuts
    D:14: 2362 daAuts
  Lair:6: 2092 daAuts
    D:15: 2022 daAuts
     D:4: 1912 daAuts
Spider:1: 1734 daAuts
Spider:4: 1671 daAuts
    D:12: 1630 daAuts
  Lair:1: 1551 daAuts
     D:8: 1487 daAuts
     D:3: 1335 daAuts
  Lair:4: 1250 daAuts
  Lair:3: 1220 daAuts
Spider:2: 1181 daAuts
     D:5: 1176 daAuts
